Purl, chaotic male elven Priest --- ..| ---- ------ ..-- ---..| --.|..-- ..<| --....---......| |...| --..^........|.-- |..-- |..........----- |...| |.........-- ---- |.|.--- ---......|------ |..| |.|*..| --.....--.--.---..| ---.--- --).............-- |...-----.......|......| ---....%......-----...-- |..--G--...-- ----- ----|.@.---- ---.--- |...| ---- |...----^.| |.....|...| ---......-- ---..--- ---- Purl the Acolyte Experience level: 4 Strength: 8 Dexterity: 14 Constitution: 16 Intelligence: 10 Wisdom: 20 Charisma: 8 Health: 0(31) Energy: 70(75) Def: 7 Gold: 518 Moves: 1426 Dungeon seed: CnqULNIPaLXSqS__ Game ID: Purl_1615504046 Your Inventory: Coins $ - 518 gold pieces Weapons a - a blessed +1 mace (weapon in hand) k - 2 +0 orcish daggers t - a blessed +0 elven dagger u - 11 +0 arrows (in quiver) v - a +0 bow (alternate weapon; not wielded) Armor e - a +0 robe (being worn) n - a +0 small shield (being worn) y - a +0 dwarvish iron helm (being worn) z - a +0 pair of iron shoes (being worn) B - a +0 dwarvish cloak N - a +0 dwarvish cloak Y - a +0 dwarvish cloak Comestibles c - 2 cloves of garlic d - a sprig of wolfsbane A - a food ration Spellbooks f - a spellbook of detect food g - a spellbook of healing Potions b - 4 potions of holy water p - a blessed potion of invisibility Tools h - a tooled horn i - a skeleton key r - a brass lantern (lit) (0:1136) w - 3 tallow candles (0:200) x - a leash Gems q - a jade stone Spells and supernatural/magical abilities: Name Level Category Fail Memory h - healing 1 healing 0% 93% E - detect food 2 divination 39% 93% W - pray for help -- divine ? -- X - turn undead -- divine ? -- Your skills at the end: Fighting Skills Weapon Skills mace [Basic] Spellcasting Skills clerical spells [Basic] Final Attributes: You were piously aligned. You were sleep resistant. You had infravision. You are dead. Vanquished creatures: a little dog a kitten 2 dwarves a giant bat 2 hobbits a brown mold 3 gnomes 2 geckos 2 goblins 4 grid bugs a bat a lichen a kobold zombie 3 newts 25 creatures vanquished. Voluntary challenges: You were an atheist. You used a wielded weapon 33 times, starting on turn 92. You read items or engraved 5 times, starting on turn 145. You never genocided any monsters. You never polymorphed an object. You never changed form. You used no wishes. You never split a pudding. You never wrote Elbereth's name. You never violated your personal moral code. Dungeon overview: The Dungeons of Doom: levels 1 to 4 Level 1 some fountains, a sink a long staircase Level 2 a fountain Level 3 a fountain Level 4 a scroll shop, a fountain stairs to The Gnomish Mines The Gnomish Mines: Level 5 <- You were here stairs to The Dungeons of Doom History has recorded: On T:1 you entered the Dungeons of Doom to retrieve the Amulet of Yendor! On T:356 you reached level 2 of The Dungeons of Doom. On T:462 you advanced to experience level 2. On T:709 you reached level 3 of The Dungeons of Doom. On T:993 you reached level 4 of The Dungeons of Doom. On T:1133 you advanced to experience level 3. On T:1234 you reached level 1 of The Gnomish Mines. On T:1285 you advanced to experience level 4. Score breakdown: Gold: 518 ( 9236 points) Experience: 4 levels ( 9649 points) Exploration: 5 levels ( 10.42%) ( 8751 points) Discoveries: 6 items ( 2.10%) ( 4345 points) Valuables value: (no points given unless you survive) Artifact value: 0 ( 0 points) Variety of kills: 14 monsters ( 3.67%) ( 5750 points) Turncount: 1426 turns ( 0 points) Survival: died (score multiplied by 80%) Total score: 30184 Latest messages: B - a hooded cloak. You stop running. You are enveloped in a cloud of gas! There are a few objects here. You stop running. A bear trap closes on your foot! You are caught in a bear trap. You feel strong! You must have been exercising. The gnome king wields a crossbow! You stop running. The gnome king swings his crossbow. The gnome king hits! You hit the gnome king. (2x) The gnome king swings his crossbow. The gnome king hits! You feel better. The gnome king swings his crossbow. The gnome king hits! You hit the gnome king! The gnome king swings his crossbow. The gnome king hits! You die... Final status: Goodbye Purl the Priest, killed by a gnome king... You died in The Gnomish Mines on dungeon level 5 with 30184 points, and 518 pieces of gold, after 1426 moves. You were level 4 with a maximum of 31 hit points when you died.